 Dungeon Crawl Stone Soup version 0.25.0-11-g1f837a76a1 (webtiles) character file.

Game seed: 13121047233391319346

900 lepoulpe303 the Stinger (level 8, -1/57 HPs)
             Began as a Merfolk Venom Mage on June 25, 2020.
             Slain by Pikel
             ... wielding a +0 whip of flaming
              (6 damage)
             ... on level 4 of the Dungeon on June 26, 2020.
             The game lasted 00:28:35 (7000 turns).

lepoulpe303 the Stinger (Merfolk Venom Mage)        Turns: 7000, Time: 00:28:36

Health: -1/57      AC:  3    Str:  8    XL:     8   Next: 7%
Magic:  11/14      EV: 14    Int: 16    God:
Gold:   287        SH:  0    Dex: 15    Spells: 2/15 levels left

rFire    . . .     SeeInvis .   a - +0 spear (flame)
rCold    . . .     Gourm    .   (no shield)
rNeg     . . .     Faith    .   s - +0 robe
rPois    .         Spirit   .   (no helmet)
rElec    .         Reflect  .   (no cloak)
rCorr    .         Harm     .   g - +0 pair of gloves
MR       .....                  (no boots)
Stlth    +++.......             (no amulet)
HPRegen  0.19/turn              (no ring)
MPRegen  0.14/turn              (no ring)

@: no status effects
A: change form in water, swift swim, stealthy swim
a: no special abilities


You were on level 4 of the Dungeon.
You were not hungry.

You visited 1 branch of the dungeon, and saw 5 of its levels.

You collected 287 gold pieces.

Inventory:

Hand Weapons
 a - a +0 spear of flaming (weapon)
 v - a +1 vampiric dagger
Missiles
 b - 8 poisoned darts (quivered)
 k - 3 silver boomerangs
 t - a throwing net {=f}
Armour
 g - a +0 pair of gloves (worn)
 s - a +0 robe (worn)
Jewellery
 i - an uncursed ring of resist corrosion {unknown}
Wands
 x - a wand of enslavement (10)
 D - a wand of digging (5)
Scrolls
 c - 8 scrolls of identify {unknown}
 j - 2 scrolls of teleportation {unknown}
 m - a scroll of remove curse {unknown}
 o - a scroll of amnesia {unknown}
 p - 3 scrolls of enchant weapon {unknown}
 r - a scroll of enchant armour {unknown}
 w - a scroll of fear {unknown}
Potions
 d - 2 potions of haste {unknown}
 f - 2 potions of might {unknown}
 h - 5 potions of lignification {unknown}
 l - a potion of heal wounds
 n - a potion of flight {unknown}
 q - 3 potions of curing
 u - a potion of ambrosia {unknown}
Comestibles
 e - 7 rations


   Skills:
 + Level 2.3 Fighting
 - Level 1.0 Polearms
 + Level 4.5 Dodging
 + Level 4.2 Stealth
 * Level 4.3 Spellcasting
 * Level 5.5 Transmutations
 * Level 5.6 Poison Magic


You had 2 spell levels left.
You knew the following spells:

 Your Spells              Type           Power        Failure   Level  Hunger
a - Sting                 Tmut/Pois      ###.         1%          1    None
b - Poisonous Vapours     Pois/Air       ##....       8%          2    ##.....
c - Ignite Poison         Fire/Tmut/Pois ###.....     11%         3    ###....
d - Olgreb's Toxic Radia  Pois           ###.....     16%         4    ####...
x - Mephitic Cloud        Conj/Pois/Air  #.......     22%         3    ###....

Your spell library contained the following spells:

 Spells                   Type           Power        Failure   Level  Hunger


Dungeon Overview and Level Annotations

Branches:
Dungeon (5/15)
 Temple: D:4-7

Altars:
Dithmenos
Elyvilon
Kikubaaqudgha

Annotations:
D:4 Pikel
D:5 exclusion: 2 slaves


Message History

Pikel looks more healthy.
MP restored: 14
Aim: Pikel, wielding a +0 whip of flaming and wearing a +0 robe (lightly wounded)
The sting misses Pikel.
Pikel says, "You'll fetch a fair price!"
Pikel misses you.
You now have 13/14 mp.
Aim: Pikel, wielding a +0 whip of flaming and wearing a +0 robe (lightly wounded)
The sting hits Pikel.
Pikel is poisoned.
Pikel hits you with a +0 whip of flaming!
* * * LOW HITPOINT WARNING * * *
Pikel burns you.
* * * LOW HITPOINT WARNING * * *
You take 10 damage, and have 15/57 hp.
You now have 12/14 mp.
Aim: Pikel, wielding a +0 whip of flaming and wearing a +0 robe (moderately wounded, poisoned)
The sting hits Pikel.
Pikel looks even sicker.
Pikel hits you with a +0 whip of flaming!
* * * LOW HITPOINT WARNING * * *
Pikel burns you.
You die...

#..###.......### ### ####
##........# ###########..
#......### ##......##....
#.......# ##..........###
##......# #..........##
####......## #...........#
###..........####...........##
##............##..............#
#..............@K#............#
#..............####...........##
##...........### #............#
##.........## ##...........#
##.......## ##.>........#
###<...## ###......... ####..#
###....... ##....## ####
###..... ###..##..## ##..###
####..


You could see Pikel (very poisoned).

Levels and vault maps discovered:
D:1:      co_arrival_square_in_a_square_in_a_square, layout_basic,
          minmay_liquid_box, minmay_misc_feat_tiny
D:2:      layout_basic, kiku_gazebo_garden_becter, minmay_statues_item
D:3:      layout_loops_ring, lemuel_crystal_altar, kennysheep_generic_room_7
D:4:      layout_cave_pods, first_ration, uniq_eustachio
D:5:      layout_rooms, elyvilon_altar_5, grunt_ministairs_1, uniq_duvessa,
          uniq_pikel

Notes
Turn   | Place    | Note
-------+----------+-------------------------------------------
     0 | D:1      | lepoulpe303 the Merfolk Venom Mage began the quest for the
                  | Orb.
     0 | D:1      | Reached XP level 1. HP: 13/13 MP: 3/3
    21 | D:1      | Identified a +0 club
   159 | D:1      | Identified a cursed +0 dagger
   165 | D:1      | Reached XP level 2. HP: 19/19 MP: 1/5
   295 | D:1      | Reached skill level 2 in Transmutations
   299 | D:1      | Learned a level 2 spell: Poisonous Vapours
   674 | D:1      | Reached XP level 3. HP: 24/24 MP: 2/6
   870 | D:1      | Identified a +0 pair of gloves (You found it on level 1 of
                  | the Dungeon)
   915 | D:2      | Identified a +0 short sword
  1009 | D:2      | Identified a cursed -3 dagger
  1102 | D:2      | Reached skill level 3 in Dodging
  1466 | D:2      | HP: 6/24 [poisoned by a kobold]
  1467 | D:2      | Identified a potion of magic
  1468 | D:2      | Identified a potion of berserk rage
  1471 | D:2      | HP: 7/36 [poisoned by a kobold]
  1475 | D:2      | HP: 3/24 [poisoned by a kobold]
  1476 | D:2      | Identified a potion of curing
  1750 | D:2      | Identified a +0 club
  1802 | D:2      | Found an ancient bone altar of Kikubaaqudgha.
  1930 | D:3      | Identified a +0 dagger
  2001 | D:3      | Identified a +1 falchion of electrocution
  2003 | D:3      | Identified a +0 dagger
  2003 | D:3      | Identified a +0 robe
  2006 | D:3      | Identified a +1 scale mail of poison resistance
  2059 | D:3      | Identified a +0 club
  2124 | D:3      | Reached XP level 4. HP: 28/30 MP: 3/7
  2156 | D:3      | Identified a +0 spear
  2346 | D:3      | Identified a +0 spear of flaming
  2352 | D:3      | Identified a +0 flail
  2493 | D:3      | Reached skill level 3 in Stealth
  2493 | D:3      | Reached skill level 4 in Poison Magic
  2585 | D:2      | HP: 6/30 [gnoll/+0 flail (9)]
  2593 | D:2      | Reached skill level 3 in Transmutations
  2943 | D:2      | HP: 2/30 [gnoll (7)]
  3316 | D:3      | Identified a +0 club
  3316 | D:3      | Identified a +0 hunting sling
  3319 | D:3      | Reached XP level 5. HP: 33/35 MP: 6/9
  3324 | D:3      | Identified a +0 ring mail
  3332 | D:3      | Found a shadowy altar of Dithmenos.
  3464 | D:3      | Identified a +0 mace
  3464 | D:3      | Identified a +0 leather armour
  3601 | D:3      | Identified a +0 war axe
  3601 | D:3      | Identified a +0 chain mail
  3632 | D:3      | Reached skill level 3 in Spellcasting
  3677 | D:3      | Identified a +0 club
  3677 | D:3      | Identified a +0 hunting sling
  3983 | D:3      | Identified a +0 whip
  4023 | D:3      | Learned a level 3 spell: Ignite Poison
  4027 | D:3      | Learned a level 3 spell: Mephitic Cloud
  4190 | D:4      | HP: 7/36 [iguana (10)]
  4193 | D:4      | Reached XP level 6. HP: 7/42 MP: 7/10
  4534 | D:4      | Reached skill level 1 in Polearms
  4655 | D:4      | Identified a +0 rapier
  4655 | D:4      | Identified a cursed -1 leather armour
  4655 | D:4      | Noticed Eustachio
  4767 | D:4      | Identified a +0 dagger
  4767 | D:4      | Identified a +0 robe
  4768 | D:4      | Identified a +0 short sword
  4768 | D:4      | Identified a +0 flail
  4768 | D:4      | Identified a +0 leather armour
  4773 | D:4      | Identified a +0 hand axe
  4773 | D:4      | Identified a +0 chain mail
  4773 | D:4      | Identified a +1 vampiric dagger
  4773 | D:4      | Identified a +0 robe
  4946 | D:4      | Reached skill level 1 in Fighting
  5041 | D:4      | Reached skill level 4 in Transmutations
  5055 | D:4      | HP: 10/43 [poisoned by a worker ant]
  5061 | D:4      | HP: 9/43 [poisoned by a worker ant]
  5069 | D:4      | HP: 8/43 [poisoned by a worker ant]
  5766 | D:4      | Killed Eustachio
  5766 | D:4      | Reached skill level 4 in Dodging
  5766 | D:4      | Reached skill level 5 in Poison Magic
  5766 | D:4      | Reached XP level 7. HP: 49/49 MP: 0/12
  5876 | D:5      | Entered Level 5 of the Dungeon
  5876 | D:5      | Identified a +0 short sword
  5876 | D:5      | Identified a +0 scale mail
  5876 | D:5      | Noticed Duvessa
  5899 | D:5      | Identified a +0 dagger
  5899 | D:5      | Identified a +0 robe
  5899 | D:5      | Noticed Dowan
  5907 | D:5      | Killed Duvessa
  5907 | D:5      | Reached skill level 2 in Fighting
  6006 | D:5      | Killed Dowan
  6006 | D:5      | Reached skill level 4 in Stealth
  6006 | D:5      | Reached skill level 4 in Spellcasting
  6006 | D:5      | Reached skill level 5 in Transmutations
  6112 | D:5      | Found a white marble altar of Elyvilon.
  6365 | D:5      | Identified a +0 hand axe
  6365 | D:5      | Identified a +0 leather armour
  6366 | D:5      | Identified a +0 giant club
  6426 | D:5      | Identified a +0 dagger
  6426 | D:5      | Identified a +0 leather armour
  6426 | D:5      | Identified a +0 falchion
  6429 | D:5      | Identified a +0 giant spiked club
  6449 | D:5      | Reached XP level 8. HP: 57/57 MP: 2/14
  6461 | D:5      | Learned a level 4 spell: Olgreb's Toxic Radiance
  6861 | D:5      | Identified a +0 whip of flaming
  6861 | D:5      | Identified a +0 robe
  6861 | D:5      | Noticed Pikel
  7000 | D:4      | HP: 5/57 [Pikel/+0 whip of flaming (11)]
  7000 | D:4      | Slain by Pikel

Table legend:
 A = Turns spent in this place as a percentage of turns spent in the entire game.
 B = Non-inter-level travel turns spent in this place as a percentage of non-inter-level travel turns spent in the entire game.
 C = Inter-level travel turns spent in this place as a percentage of turns spent in this place.
 D = Turns resting spent in this place as a percentage of non-inter-level travel turns spent in this place.
 E = Turns spent auto-exploring this place as a percentage of non-inter-level travel turns spent in this place.
 F = Non-inter-level travel turns spent in this place divided by the number of levels of this place that you've seen.
                   A       B       C       D       E      F
               +-------+-------+-------+-------+-------+----------------------
         Total | 100.0 | 100.0 |   4.5 |  38.5 |  39.8 | 1336.6
       Dungeon | 100.0 | 100.0 |   4.5 |  38.5 |  39.8 | 1336.6
               +-------+-------+-------+-------+-------+----------------------

Table legend:
 A = Kills in this place as a percentage of kills in entire the game.
 B = Kills by you in this place as a percentage of kills by you in the entire game.
 C = Kills by friends in this place as a percentage of kills by friends in the entire game.
 D = Other kills in this place as a percentage of other kills in the entire game.
 E = Experience gained in this place as a percentage of experience gained in the entire game.
 F = Experience gained in this place divided by the number of levels of this place that you have seen.
                   A       B       C       D       E      F
               +-------+-------+-------+-------+-------+----------------------
         Total | 100.0 | 100.0 |   N/A |   N/A | 100.0 | 257.4
       Dungeon | 100.0 | 100.0 |   N/A |   N/A | 100.0 | 257.4
               +-------+-------+-------+-------+-------+----------------------

Skill      XL: |  1  2  3  4  5  6  7 |
---------------+----------------------+-----
Transmutations | 2 3 4 5 |  5.5
Dodging        | 3 4 |  4.5
Stealth        | 3 4 |  4.2
Poison Magic   | 4 5 |  5.6
Spellcasting   | 3 4 |  4.3
Polearms       | 1 |  1.0
Fighting       | 1 2 |  2.3

Action                   |  1- 3 |  4- 6 |  7- 9 || total
-------------------------+-------+-------+-------++-------
Melee: Unarmed           |     3 |     2 |       ||     5
       Spear             |       |    87 |    42 ||   129
Throw: Dart              |       |     1 |       ||     1
 Cast: Sting             |    54 |    76 |    17 ||   147
       Poisonous Vapours |     1 |    16 |    26 ||    43
  Use: Potion            |     3 |       |       ||     3
 Stab: Sleeping          |       |     5 |     1 ||     6
  Eat: Chunk             |     4 |     9 |     4 ||    17
       Ration            |       |     1 |     1 ||     2
Armor: Robe              |     4 |    30 |     4 ||    38
Dodge: Dodged            |    26 |   124 |    28 ||   178

Vanquished Creatures
  Eustachio (D:4)
  Duvessa (D:5)
  4 slaves
  2 ogres (D:5)
  Dowan (D:5)
  A centaur skeleton (D:5)
  An orc priest (D:3)
  An iguana (D:4)
  3 worker ants
  3 orc wizards
  A howler monkey skeleton (D:5)
  4 gnolls
  3 adders
  An ooze (D:1)
  An adder skeleton (D:4)
  A worm (D:4)
  2 dart slugs (D:3)
  5 leopard geckos
  16 orcs
  A ball python (D:3)
  5 giant cockroaches
  11 goblins
  2 hobgoblins
  11 jackals
  7 kobolds
  A quokka (D:3)
  4 bats
  9 frilled lizards
  A jackal zombie (D:5)
  8 rats
112 creatures vanquished.
